 Dungeon Crawl Stone Soup version 0.28-a0-10-g964c8b829e (webtiles) character file.

Game seed: 10199176135939470512

53 rednaxela the Grave Robber (level 3, 0/26 HPs)
             Began as a Ghoul Necromancer on July 21, 2021.
             Slain by Jessica (4 damage)
             ... on level 2 of the Dungeon on July 25, 2021.
             The game lasted 00:07:21 (1738 turns).

rednaxela the Grave Robber (Ghoul Necromancer)      Turns: 1738, Time: 00:07:22

Health: 0/26       AC:  3    Str: 18    XL:     3   Next: 89%
Magic:  4/4        EV: 12    Int: 10    God:
Gold:   46         SH:  0    Dex:  9    Spells: 4/5 levels left

rFire   . . .      SeeInvis .     - Unarmed
rCold   + . .      Faith    .   (no shield)
rNeg    + + +      Spirit   .   a - +0 robe
rPois   ∞          Reflect  .   (no helmet)
rElec   .          Harm     .   (no cloak)
rCorr   .          Rampage  .   (no gloves)
Will    .....                   d - +0 pair of boots
Stlth   ++........              (no amulet)
HPRegen 0.00/turn               b - +6 ring of strength
MPRegen 0.09/turn               (no ring)

@: inhibited regen, slowed, very slow
A: claws 1, cold resistance 1, negative energy resistance 3, inhibited
regeneration, torment resistance 2
a: no special abilities


You were on level 2 of the Dungeon.
You visited 1 branch of the dungeon, and saw 2 of its levels.

You collected 46 gold pieces.

Inventory:

Armour
 a - a +0 robe (worn)
 d - a +0 pair of boots (worn)
   (You found it on level 1 of the Dungeon)
Jewellery
 b - a +6 ring of strength (left claw)
   (You found it on level 2 of the Dungeon)
Scrolls
 c - a scroll of fear {unknown}
 e - a scroll of enchant weapon
Potions
 f - a potion of ambrosia {!q}
 g - a potion of attraction {unknown}


   Skills:
 - Level 1.8 Dodging
 - Level 2.2 Stealth
 + Level 3.6 Unarmed Combat
 - Level 1.8 Spellcasting
 - Level 4.0 Necromancy


You had 4 spell levels left.
You knew the following spells:

 Your Spells              Type           Power      Damage    Failure   Level
a - Pain                  Necr           32%        1d5       6%          1

Your spell library contained the following spells:

 Spells                   Type           Power      Damage    Failure   Level
 Animate Skeleton         Necr           16%        N/A       6%          1
 Vampiric Draining        Necr           4%         2d6       19%         3
 Animate Dead             Necr           4%         N/A       52%         4
 Agony                    Necr           8%         N/A       86%         5


Dungeon Overview and Level Annotations

Branches:
Dungeon (2/15)

Altars:

Annotations:
D:2 Jessica


Innate Abilities, Weirdness & Mutations

You thrive by killing the living.
You are immune to poison.
You have sharp fingernails.
Your flesh is cold resistant. (rC+)
You are immune to negative energy. (rN+++)
You do not regenerate when monsters are visible.
You are immune to unholy pain and torment.


Message History

Found a stone staircase leading down.
A goblin comes into view. It is wielding a +0 dagger.
Found 28 bolts.
A goblin is nearby!
You closely miss the goblin. The goblin misses you.
You closely miss the goblin. The goblin hits you but does no damage.
You barely miss the goblin. The goblin hits you but does no damage.
You claw the goblin!
You kill the goblin!
No target in view!
Things that are here:
a +0 dagger; a goblin corpse You see here 28 bolts.
A goblin comes into view. It is wielding a +0 club.
A goblin is nearby!
You barely miss the goblin. The goblin misses you.
You scratch the goblin.
You kill the goblin!
No target in view!
A hobgoblin comes into view.
A hobgoblin is nearby!
The hobgoblin shouts!
You completely miss the hobgoblin. The hobgoblin hits you.
You completely miss the hobgoblin. The hobgoblin closely misses you.
You scratch the hobgoblin.
The hobgoblin is severely wounded.
The hobgoblin barely misses you.
You barely miss the hobgoblin.
The hobgoblin is severely wounded.
The hobgoblin hits you.
You scratch the hobgoblin but do no damage.
The hobgoblin is severely wounded.
You barely miss the hobgoblin.
The hobgoblin is severely wounded.
The hobgoblin hits you.
You claw the hobgoblin!
You kill the hobgoblin!
No target in view!
Found a stone staircase leading down.
There is a stone staircase leading down here.
An adder comes into view.
An adder is nearby!
The adder hisses angrily.
You barely miss the adder. The adder misses you.
You barely miss the adder. The adder barely misses you. The adder bites you.
You miss the adder. The adder barely misses you.
You claw the adder!
The adder is severely wounded.
The adder bites you.
You closely miss the adder.
The adder is severely wounded.
The adder barely misses you.
You scratch the adder.
You kill the adder!
No target in view!
A hobgoblin comes into view.
The hobgoblin shouts!
A hobgoblin is nearby!
You barely miss the hobgoblin. The hobgoblin hits you.
You barely miss the hobgoblin.
The hobgoblin hits you but does no damage.
You scratch the hobgoblin but do no damage.
Your claw misses the hobgoblin. The hobgoblin barely misses you.
You scratch the hobgoblin.
You kill the hobgoblin!
You feel better.
No target in view!
You see here a hobgoblin corpse.
You see here a +0 hand axe.
Jessica the Apprentice Sorceress comes into view.
She is wielding a +0 club and wearing a +0 robe of willpower.
Jessica shouts!
You barely miss Jessica.
Jessica says, "I'm really upset."
Jessica closely misses you.
You scratch Jessica but do no damage. You scratch Jessica.
Your claw misses Jessica.
Jessica is lightly wounded.
Jessica hits you with a +0 club.
You scratch Jessica.
Jessica is severely wounded.
Jessica mumbles some strange words.
Jessica seems to speed up.
You scratch Jessica but do no damage.
Jessica is severely wounded.
Jessica hits you with a +0 club.
Jessica mumbles some strange words.
Jessica blinks!
No target in range!
Jessica casts a spell at you.
You feel yourself slow down. Jessica hits you with a +0 club.
* * * LOW HITPOINT WARNING * * *
Jessica hits you with a +0 club.
* * * LOW HITPOINT WARNING * * *
You scratch Jessica.
Jessica is almost dead.
Jessica hits you with a +0 club.
* * * LOW HITPOINT WARNING * * *
Jessica hits you with a +0 club.
You die...

.## #.>. .# ...
###. .# #.. # .#
# #.. .# ###
##.##..### .# #..
........$# .#....
..^..#.# ##
.#.#.# #
#..@.###....
.#.#.#
#..#.#@........
.#.#.#
#.......###.##
##.#<#
#..###<..##.#
##.#.## #..#
#......# ##....##
#..###...###....
# ##.###.##
#.......## ## #.#
#.##
##.###.#..##.#
#.# ..#
#........##.####
#. #.# #.##
##.###..#.......#
#.##.#


You could see Jessica (fast).

Vanquished Creatures
  An adder (D:2)
  3 ball pythons
  2 endoplasms (D:1)
  3 giant cockroaches (D:1)
  5 goblins
  6 hobgoblins
  10 jackals
  A quokka (D:1)
  3 kobolds (D:1)
  3 rats (D:1)
37 creatures vanquished.

Notes
Turn   | Place    | Note
-------+----------+-------------------------------------------
     0 | D:1      | rednaxela the Ghoul Necromancer began the quest for the
                  | Orb.
     0 | D:1      | Reached XP level 1. HP: 14/14 MP: 2/2
   126 | D:1      | Reached skill level 1 in Unarmed Combat
   381 | D:1      | Reached XP level 2. HP: 20/20 MP: 3/3
   532 | D:1      | Reached skill level 2 in Unarmed Combat
   952 | D:1      | Reached XP level 3. HP: 26/26 MP: 4/4
   995 | D:1      | Upgraded the game from 0.27-a0-1612-gde56a17b89 to
                  | 0.28-a0-10-g964c8b829e
  1227 | D:2      | Reached skill level 3 in Unarmed Combat
  1726 | D:2      | Noticed Jessica
  1738 | D:2      | Slain by Jessica

Illustrated notes

Levels and vault maps discovered:
D:1:      minmay_arrival_arboretum_small, layout_loops_ring
D:2:      layout_loops_ring, uniq_jessica

Skill      XL: |  1  2  3 |
---------------+----------+-----
Unarmed Combat | 1 2 3 |  3.6
Dodging        | |  1.8
Stealth        | |  2.2
Spellcasting   | |  1.8
Necromancy     | |  4.0

Action                   || total
-------------------------++-------
Melee: Unarmed           ||   143
  Use: Scroll            ||     2
 Stab: Sleeping          ||     1
Armor: Robe              ||    25
Dodge: Dodged            ||    75

Table legend: (Time is in decaauts)
 A = Elapsed time spent in this place.
 B = Non-inter-level travel time spent in this place.
 C = Inter-level travel time spent in this place.
 D = Time resting spent in this place.
 E = Time spent auto-exploring this place.
 F = Levels seen in this place.
 G = Mean time per level.
                   A        B        C        D        E       F      G
               +--------+--------+--------+--------+--------+-----+--------+
         Total |   1732 |   1713 |     19 |    233 |   1063 |   2 |  866.0 |
       Dungeon |   1732 |   1713 |     19 |    233 |   1063 |   2 |  866.0 |
               +--------+--------+--------+--------+--------+-----+--------+

Top non-repeatable levels by time:
     D:1: 1207 daAuts
     D:2: 525 daAuts
